 Dungeon Crawl Stone Soup version 0.31-a0-672-g7da72447bb (webtiles) character file.

Game seed: 4963373759585810084

102 Shayle the Changeling (level 4, -1/41 HPs)
             Began as an Ogre Shapeshifter on Sept 1, 2023.
             Slain by an orc
             ... wielding a +0 short sword
              (4 damage)
             ... on level 4 of the Dungeon on Sept 4, 2023.
             The game lasted 00:05:36 (2320 turns).

Shayle the Changeling (Ogre Shapeshifter)           Turns: 2320, Time: 00:05:37

Health: -1/41      AC:  3    Str: 18    XL:     4   Next: 77%
Magic:  7/7        EV:  9    Int: 13    God:
Gold:   131        SH:  0    Dex:  8    Spells: 7/7 levels left

rFire   . .          .
                       - Unarmed
rCold   + . .        (no shield)
rNeg    . . .        a - +0 animal skin
rPois   .            (helmet currently unavailable)
rElec   .            (cloak currently unavailable)
rCorr   .            (gloves unavailable)
SInv    .            (boots unavailable)
Will    .....        (no amulet)
Stlth   +            f - ring of protection from cold
HPRegen 0.26/turn    (no ring)
MPRegen 0.10/turn

%: no passive effects
@: about to teleport, beast-form
A: beast (slay +2), large, unfitting armour, tough skin 1
a: Begin Untransformation


You were on level 4 of the Dungeon.
You were a hulking beast.
You visited 1 branch of the dungeon, and saw 4 of its levels.

You collected 131 gold pieces.

Inventory:

Armour
 a - a +0 animal skin (worn)
 i - a scarf of repulsion
Jewellery
 f - a ring of protection from cold (left hand)
 h - a ring of ice
Talismans
 c - a beast talisman (active)
 d - a flux talisman
Scrolls
 e - a scroll of poison {unknown}
 g - a scroll of identify {unknown}
 j - 2 scrolls of immolation {unknown}
 k - a scroll of teleportation
 l - a scroll of fear {unknown}
 n - a scroll of fog {unknown}
Potions
 b - a potion of lignification
 m - 2 potions of curing
 o - a potion of might {unknown}


   Skills:
 - Level 1.3 Fighting
 - Level 1.7 Dodging
 + Level 3.6 Unarmed Combat
 + Level 2.4 Spellcasting
 + Level 3.7 Shapeshifting


You had 7 spell levels left.
You didn't know any spells.
Your spell library contained the following spells:

 Spells                   Type           Power      Damage    Failure   Level
 Cigotuvi's Dreadful Rot  Necr/Pois/Air  2%         N/A       36%         2
 Ignite Poison            Fire/Tmut/Pois 1%         N/A       58%         3
 Freezing Cloud           Conj/Ice/Air   0%         6-21      100%        5


Dungeon Overview and Level Annotations

Branches:
Dungeon (4/15)
 Temple: D:4-7

Altars:
Qazlal


Innate Abilities, Weirdness & Mutations

You are a hulking beast.
Your limbs bulge with bestial killing power. (Slay +2)
You are too large for most types of armour.
You have tough skin. (AC +1)


Message History

The orc hits you but does no damage.
You hit the orc.
The orc is severely wounded.
You barely miss the orc.
The orc is severely wounded.
The orc hits you but does no damage.
You hit the orc.
You kill the orc!
An orc comes into view. It is wielding a +0 flail.
The orc shouts!
You hear a shout!
An orc comes into view. It is wielding a +0 trident.
You see here a +0 flail.
You hit the orc.
The orc is severely wounded.
The orc barely misses you.
You hit the orc but do no damage.
The orc is severely wounded.
The orc hits you from afar with a +0 trident.
The orc hits you with a +0 flail!
An orc comes into view. It is wielding a +0 short sword.
You completely miss the orc.
The orc is severely wounded.
The orc barely misses you.
An orc priest comes into view. It is wielding a +0 trident.
The orc priest shouts!
The orc hits you but does no damage. The orc hits you with a +0 flail!
The orc hits you from afar with a +0 trident.
As you read the scroll labelled CAROSTRO UNYM, it crumbles to dust.
You feel strangely unstable.
It was a scroll of teleportation.
The orc hits you with a +0 flail.
* * * LOW HITPOINT WARNING * * *
The orc closely misses you. x2
It was a potion of curing.
You feel better.
The orc priest hits you from afar with a +0 trident.
* * * LOW HITPOINT WARNING * * *
The orc hits you from afar with a +0 trident!
* * * LOW HITPOINT WARNING * * *
The orc hits you with a +0 short sword.
You die...

#<# ####.#
#.# #....#
#.# #.####
#.# #.#
##.# #.#
#...###.#
..#.....#
#...###.##
##.....)h#
######oo#
#.oo.o....
#..#######
#..# ...#
###.# #.#
#.#


You could see an orc priest and 3 orcs.

Vanquished Creatures
  2 adders (D:3)
  A shadow imp (D:3)
  A worm (D:2)
  4 dart slugs
  An orc (D:4)
  10 bats
  4 endoplasms
  2 giant cockroaches
  4 hobgoblins
  3 jackals (D:2)
  8 kobolds
  3 quokkas
  4 ball pythons
  6 frilled lizards
  4 goblins
  6 rats
63 creatures vanquished.

Notes
Turn   | Place    | Note
-------+----------+-------------------------------------------
     0 | D:1      | Shayle the Ogre Shapeshifter began the quest for the Orb.
     0 | D:1      | Reached XP level 1. HP: 19/19 MP: 1/1
   128 | D:1      | Upgraded the game from 0.31-a0-662-g684573625c to
                  | 0.31-a0-672-g7da72447bb
   171 | D:1      | Reached XP level 2. HP: 26/27 MP: 1/3
   282 | D:1      | Reached skill level 1 in Spellcasting
   627 | D:1      | Reached XP level 3. HP: 33/33 MP: 5/5
   750 | D:1      | Found a faded altar of an unknown god.
  1113 | D:2      | Found a stormy altar of Qazlal.
  1299 | D:2      | Reached XP level 4. HP: 35/41 MP: 7/7
  2320 | D:4      | Slain by an orc

Illustrated notes

Levels and vault maps discovered:
D:1:      dpeg_arrival_round_b, layout_loops_cross,
          shapermc_ecumenical_altar_mp_ritualfount, minmay_misc_feat_x,
          kennysheep_decorative_pillar, grunt_decor_arrowhead
D:2:      layout_basic, basic_altar, minivault_11, grunt_decor_resistance
D:3:      layout_rooms
D:4:      layout_loops_ring, lemuel_crystal_altar, minmay_temple_entry_fiery,
          serial_shops, shop, minmay_pentomino_pile, uniq_menkaure, uniq_grinder

Skill      XL: |  1  2  3 |
---------------+----------+-----
Spellcasting   | 1 2 |  2.4
Unarmed Combat | 3 |  3.6
Fighting       | |  1.3
Dodging        | |  1.7
Shapeshifting  | |  3.7

Action                     |  1- 3 |  4- 6 || total
---------------------------+-------+-------++-------
  Melee: Unarmed           |   135 |    59 ||   194
         Punch             |     1 |       ||     1
    Use: Scroll            |       |     1 ||     1
         Potion            |       |     1 ||     1
 Armour: Animal skin       |   109 |    45 ||   154
  Dodge: Dodged            |    75 |    24 ||    99

Table legend: (Time is in decaauts)
 A = Elapsed time spent in this place.
 B = Non-inter-level travel time spent in this place.
 C = Inter-level travel time spent in this place.
 D = Time resting spent in this place.
 E = Time spent auto-exploring this place.
 F = Levels seen in this place.
 G = Mean time per level.
                   A        B        C        D        E       F      G
               +--------+--------+--------+--------+--------+-----+--------+
         Total |   2307 |   2258 |     49 |     58 |   1648 |   4 |  576.8 |
       Dungeon |   2307 |   2258 |     49 |     58 |   1648 |   4 |  576.8 |
               +--------+--------+--------+--------+--------+-----+--------+

Top non-repeatable levels by time:
     D:1: 861 daAuts
     D:2: 806 daAuts
     D:3: 606 daAuts
     D:4: 33 daAuts
